AoeStats
← HardmanGunner

Baltic

510411233Analyzed
2v2 RM · 23h ago on Sep 30, 2026· 43m 28s· 4 players
Game mode
Random Map
Map size
Medium (4 player)
Population
200
Speed
Normal
Resources
Standard
Victory
Conquest
Starting age
Dark Age
Ending age
Imperial Age
RankedLock teamsTeams togetherTeam positionsShared explorationLock speedFull tech treeHidden civsTurbo modeCheats
Victory
Defeat
🇦🇷 Varangians · Argentina
1359
+18
🇦🇷 Italians · Argentina
1352
+19
🇮🇪 Turks · Ireland
1414
-19
🇺🇸 Dravidians · United States
1409
-18
Lautib7
7:01 Loom
10:25 Feudal Age
19:35 Castle Age
17:51 Fletching
18:22 Double-Bit Axe
19:20 Padded Archer Armor
25:09 Imperial Age
23:14 Horse Collar
23:29 Gold Mining
23:36 Bodkin Arrow
24:55 Leather Archer Armor
25:47 Wheelbarrow
26:22 Ballistics
27:03 Town Watch
27:11 Elite Skirmisher
28:27 Bracer
30:45 Chemistry
33:46 Ring Archer Armor
39:19 Thumb Ring
Meci
6:31 Loom
10:06 Feudal Age
10:33 Double-Bit Axe
12:06 Fishing Lines
15:30 Town Watch
19:40 Castle Age
18:13 Gold Mining
18:39 Stone Mining
20:18 Scale Barding Armor
21:01 Wheelbarrow
20:50 Bow Saw
20:50 Gillnets
22:35 Town Patrol
26:31 Imperial Age
24:36 Padded Archer Armor
24:27 Fletching
24:51 Horse Collar
25:55 Ballistics
26:29 Elite Skirmisher
27:32 Leather Archer Armor
27:12 Bodkin Arrow
27:04 Cranequins
30:03 Ring Archer Armor
29:33 Bracer
29:48 Husbandry
29:58 Bloodlines
29:25 Elite Skirmisher
31:33 Chemistry
31:24 Bloodlines
31:28 Bracer
36:04 Heavy Mounted Crossbowman
39:55 Chain Barding Armor
39:45 Forging
38:58 Cavalier
40:45 Two-Man Saw
40:01 Hand Cart
40:22 Stone Shaft Mining
43:38 Horse Collar
44:13 Fortified Wall
Protein Shake
2:48 Loom
11:45 Feudal Age
15:57 Castle Age
13:53 Horse Collar
14:01 Double-Bit Axe
17:01 Wheelbarrow
16:47 Town Watch
17:22 Bow Saw
17:16 Heavy Plow
26:06 Hand Cart
30:32 Imperial Age
29:16 Town Patrol
29:08 Fletching
29:19 Padded Archer Armor
28:46 Elite Skirmisher
29:56 Bodkin Arrow
30:47 Leather Archer Armor
30:46 Forging
30:36 Scale Mail Armor
31:33 Conscription
31:21 Thumb Ring
32:51 Bracer
32:31 Pikeman
33:11 Squires
34:19 Ring Archer Armor
34:05 Chain Mail Armor
35:07 Iron Casting
35:36 Chemistry
34:56 Ballistics
34:47 Masonry
35:31 Wootz Steel
35:34 Gold Mining
35:34 Stone Mining
36:55 Hoardings
38:02 Two-Man Saw
36:59 Elite Urumi Swordsman
39:04 Blast Furnace
38:39 Plate Mail Armor
38:30 Halberdier
38:56 Arson
40:00 Elite Elephant Archer
HardmanGunner
10:09 Feudal Age
12:33 Loom
14:56 Castle Age
13:43 Double-Bit Axe
13:39 Horse Collar
21:01 Imperial Age
18:48 Padded Archer Armor
30:02 Leather Archer Armor
36:16 Wheelbarrow
38:16 Bow Saw
Connection lost

Rejoining the realm…

Still unreachable

The connection could not be restored.

Session expired

The server has moved on; the page needs a fresh start.